General information
- name: BNet
- type: Ladder team game (AT/RT)
- host: Battle.net
- saver: THETEAMPLAYER
map: Deadlock
- players: 8
- length: 06:51
- speed: Fast
- version: 1.28 W3XP
- replay type: Public
» download(45 KB)
Players
team 1 (winner)
SUMO (
teal | 49 APM | 338 actions | 06:51)
1 Mountain King
1 Storm Bolt
» actions
| Assign group hotkey | 6 | |
| Build / train | 29 | |
| Enter build submenu | 16 | |
| Enter hero's abilities submenu | 1 | |
| Right click | 157 | |
| Select / deselect | 73 | |
| Select group hotkey | 36 | |
| Use ability | 20 | |
338 total
» units
» buildings
| Farm | 4 | |
| Blacksmith | 1 | |
| Barracks | 1 | |
| Altar of Kings | 1 | |
| Keep | 2 | |
| Lumber Mill | 1 | |
| Scout Tower | 6 | |
| Town Hall | 1 | |
| Guard Tower | 1 | |
| Arcane Tower | 4 | |
22 total
» build order
01:13 Farm
01:27 Blacksmith
01:42 Barracks
01:54 Altar of Kings
02:05 Farm
02:40 Farm
03:22 Farm
04:34 Keep
04:39 Lumber Mill
05:21 Scout Tower
05:22 Scout Tower
05:25 Town Hall
05:52 Guard Tower
05:55 Scout Tower
05:55 Scout Tower
05:56 Scout Tower
06:22 Arcane Tower
06:22 Arcane Tower
06:25 Scout Tower

»
frogvenom. (
purple | 33 APM | 225 actions | 06:51)
2 Paladin
1 Holy Light
1 Divine Shield
» actions
| Build / train | 22 | |
| Enter build submenu | 14 | |
| Enter hero's abilities submenu | 2 | |
| Right click | 94 | |
| Select / deselect | 76 | |
| Use ability | 17 | |
225 total
» units
» upgrades
» buildings
| Altar of Kings | 1 | |
| Barracks | 1 | |
| Farm | 7 | |
| Scout Tower | 1 | |
| Arcane Tower | 1 | |
| Lumber Mill | 1 | |
| Keep | 1 | |
| Blacksmith | 1 | |
| Arcane Vault | 1 | |
15 total
» build order
00:12 Altar of Kings
00:16 Barracks
00:24 Farm
01:21 Farm
02:09 Scout Tower
02:38 Farm
02:40 Arcane Tower
03:06 Farm
03:18 Farm
03:27 Lumber Mill
03:43 Keep
04:07 Farm
04:13 Farm
04:32 Blacksmith
05:14 Arcane Vault
» items
| Scroll of Regeneration | 1 | |
| Lesser Clarity Potion | 1 | |
2 total

»
flameonplz (
pink | 62 APM | 422 actions | 06:51)
3 Death Knight
2 Death Coil
1 Unholy Aura
» actions
| Assign group hotkey | 8 | |
| Build / train | 22 | |
| Enter build submenu | 11 | |
| Enter hero's abilities submenu | 3 | |
| Right click | 151 | |
| Select / deselect | 90 | |
| Select group hotkey | 103 | |
| Use ability | 34 | |
422 total
» units
| Acolyte | 7 | |
| Ghoul | 4 | |
| Crypt Fiend | 3 | |
14 total
» buildings
| Crypt | 3 | |
| Graveyard | 1 | |
| Altar of Darkness | 1 | |
| Ziggurat | 4 | |
| Tomb of Relics | 1 | |
| Halls of the Dead | 1 | |
11 total
» build order
00:16 Crypt
00:19 Crypt
00:23 Graveyard
00:43 Altar of Darkness
00:58 Ziggurat
01:18 Ziggurat
02:04 Tomb of Relics
04:22 Ziggurat
05:07 Halls of the Dead
05:40 Ziggurat
06:07 Crypt
» items
| Rod of Necromancy | 2 | |
| Dust of Appearance | 1 | |
3 total

»
ZZZZZ.zzzzzzzzz (
blue | 74 APM | 508 actions | 06:51)
2 Demon Hunter
1 Immolation
1 Mana Burn
» actions
| Assign group hotkey | 8 | |
| Basic commands | 64 | |
| Build / train | 22 | |
| Enter build submenu | 12 | |
| Enter hero's abilities submenu | 2 | |
| Right click | 153 | |
| Select / deselect | 77 | |
| Select group hotkey | 146 | |
| Use ability | 24 | |
508 total
» units
» buildings
| Moon Well | 4 | |
| Altar of Elders | 1 | |
| Ancient of War | 1 | |
| Ancient of Wonders | 1 | |
| Tree of Ages | 1 | |
| Hunter's Hall | 1 | |
| Tree of Life | 1 | |
| Ancient Protector | 1 | |
11 total
» build order
00:26 Moon Well
00:30 Altar of Elders
01:12 Ancient of War
01:18 Moon Well
01:38 Ancient of Wonders
02:41 Tree of Ages
03:34 Hunter's Hall
04:28 Tree of Life
04:32 Moon Well
05:02 Moon Well
06:18 Ancient Protector
» items
team 2 (loser)

»
Sbyin (
red | 78 APM | 338 actions | 04:18)
2 Archmage
1 Summon Water Elemental
1 Brilliance Aura
» actions
| Assign group hotkey | 5 | |
| Build / train | 20 | |
| ESC pressed | 1 | |
| Enter build submenu | 11 | |
| Enter hero's abilities submenu | 2 | |
| Right click | 120 | |
| Select / deselect | 76 | |
| Select group hotkey | 90 | |
| Use ability | 13 | |
338 total
» units
» buildings
| Altar of Kings | 1 | |
| Farm | 3 | |
| Barracks | 1 | |
| Town Hall | 1 | |
| Scout Tower | 1 | |
7 total
» build order
00:08 Altar of Kings
00:22 Farm
00:23 Barracks
00:52 Farm
01:32 Farm
03:02 Town Hall
03:11 Scout Tower
CTuMyJl (
orange | 57 APM | 394 actions | 06:51)
2 Crypt Lord
1 Carrion Beetles
1 Spiked Carapace
» actions
| Assign group hotkey | 26 | |
| Build / train | 26 | |
| Enter build submenu | 12 | |
| Enter hero's abilities submenu | 2 | |
| Right click | 108 | |
| Select / deselect | 69 | |
| Select group hotkey | 103 | |
| Use ability | 48 | |
394 total
» units
| Acolyte | 2 | |
| Ghoul | 3 | |
| Crypt Fiend | 11 | |
16 total
» upgrades
| Creature Attack | 1 | |
| Creature Carapace | 1 | |
2 total
» buildings
| Crypt | 1 | |
| Graveyard | 1 | |
| Altar of Darkness | 1 | |
| Ziggurat | 4 | |
| Tomb of Relics | 1 | |
| Nerubian Tower | 1 | |
| Halls of the Dead | 1 | |
| Scout Tower | 8 | |
| Keep | 1 | |
| Barracks | 1 | |
| Arcane Vault | 1 | |
| Lumber Mill | 1 | |
22 total
» build order
00:16 Crypt
00:22 Graveyard
00:30 Altar of Darkness
00:42 Ziggurat
01:12 Ziggurat
01:31 Tomb of Relics
02:16 Nerubian Tower
03:28 Ziggurat
04:13 Ziggurat
04:57 Halls of the Dead
05:27 Scout Tower
05:28 Scout Tower
05:28 Scout Tower
05:29 Scout Tower
05:30 Scout Tower
05:31 Scout Tower
05:32 Scout Tower
05:33 Scout Tower
06:11 Keep
06:16 Barracks
06:23 Arcane Vault
06:26 Lumber Mill
» items
| Dust of Appearance | 1 | |
| Rod of Necromancy | 1 | |
2 total
THETEAMPLAYER (
green | 33 APM | 227 actions | 06:51)
1 Paladin
1 Divine Shield
» actions
| Assign group hotkey | 3 | |
| Basic commands | 12 | |
| Build / train | 13 | |
| Enter build submenu | 4 | |
| Enter hero's abilities submenu | 1 | |
| Right click | 91 | |
| Select / deselect | 63 | |
| Select group hotkey | 6 | |
| Use ability | 34 | |
227 total
» units
» buildings
| Altar of Kings | 1 | |
| Barracks | 1 | |
| Farm | 2 | |
4 total
» build order
01:09 Altar of Kings
01:11 Barracks
01:25 Farm
01:39 Farm
Bene (
yellow | 42 APM | 286 actions | 06:45)
2 Keeper of the Grove
1 Force of Nature
1 Entangling Roots
» actions
| Assign group hotkey | 7 | |
| Build / train | 21 | |
| Enter build submenu | 8 | |
| Enter hero's abilities submenu | 2 | |
| Right click | 150 | |
| Select / deselect | 70 | |
| Select group hotkey | 15 | |
| Use ability | 13 | |
286 total
» units
» buildings
| Moon Well | 5 | |
| Altar of Elders | 1 | |
| Hunter's Hall | 1 | |
| Ancient of War | 1 | |
| Tree of Ages | 1 | |
9 total
» build order
00:28 Moon Well
00:43 Altar of Elders
01:08 Moon Well
02:03 Hunter's Hall
02:15 Moon Well
02:36 Ancient of War
03:02 Moon Well
03:41 Tree of Ages
04:12 Moon Well
Chat log
(00:08 / Allies) CTuMyJl: hi
(00:09 / Allies) CTuMyJl: 100?
(00:26 / Allies) CTuMyJl: ty
(00:30 / Allies) Bene: np
(00:38 / Allies) Bene: youre welcome
(00:45 / Allies) CTuMyJl: ty
(00:52 / Allies) Bene: -.-
(00:53 / Allies) THETEAMPLAYER: bakc
(00:54 / All) ZZZZZ.zzzzzzzzz: greedisgood 10000000000000000000000
(00:54 / All) CTuMyJl: w8 pls
(00:59 / All) CTuMyJl: 1 afk
(01:01 / All) CTuMyJl: w8
(01:02 / Allies) THETEAMPLAYER: Im back
(01:03 / All) flameonplz: thz information
(01:21 / Allies) THETEAMPLAYER: rush
(01:23 / Allies) THETEAMPLAYER: share control
(01:24 / All) ZZZZZ.zzzzzzzzz: were is the afk?
(01:26 / All) CTuMyJl: bitches
(01:34 / Allies) Bene: slow down
(01:36 / All) flameonplz: an evil one
(01:49 / All) ZZZZZ.zzzzzzzzz: i sleep^^
(01:55 / Allies) THETEAMPLAYER: go at 30 food
(01:59 / Allies) THETEAMPLAYER: share control
(02:09 / Allies) CTuMyJl: no exps?
(02:17 / Allies) THETEAMPLAYER: creep expands then go at 30 food
(02:30 / Allies) CTuMyJl: yellow
(02:31 / Allies) CTuMyJl: u exp?
(02:41 / Allies) CTuMyJl: for u yellow
(02:45 / Allies) Bene: okay
(02:48 / Allies) Bene: ty so much
(03:20 / Allies) Bene: where are little creeps?
(03:58 / Allies) THETEAMPLAYER: share control yellow
(04:29 / Allies) Bene: omg
(04:51 / All) ZZZZZ.zzzzzzzzz: afk leave?
(04:52 / Allies) THETEAMPLAYER: share control orange
(04:52 / Allies) Bene: all irwich dead
(04:54 / Allies) Bene: red killed
(05:16 / Allies) THETEAMPLAYER: share control orange